 Dungeon Crawl Stone Soup version 0.22-a0-292-g0df9d5f (webtiles) character file.

6406 b5mith the Fighter (level 10, -17/94 HPs)
             Began as a Minotaur Berserker on Mar 23, 2018.
             Was a High Priest of Trog.
             Killed from afar by a wretched star (25 damage)
             ... with an orb of energy
             ... on level 1 of the Abyss.
             The game lasted 00:29:34 (9381 turns).

b5mith the Fighter (Minotaur Berserker)             Turns: 9381, Time: 00:29:36

Health: -17/94     AC: 17    Str: 22    XL:     10   Next: 66%
Magic:  9/9        EV: 10    Int:  8    God:    Trog [*****.]
Gold:   539        SH:  0    Dex:  9    Spells: 9/9 levels left

rFire    . . .     SeeInvis .   a - +3 scythe (flame)
rCold    . . .     Gourm    .   (shield currently unavailable)
rNeg     + + .     Faith    .   t - +1 plate armour
rPois    .         Spirit   .   (helmet restricted)
rElec    .         Reflect  .   (no cloak)
rCorr    .         Harm     .   z - +0 pair of gloves "Qetocebrohe" {rN++}
MR       .....     Rnd*Rage +   (no boots)
Stlth    ..........             (no amulet)
HPRegen  0.25/turn              A - +4 ring of intelligence
MPRegen  0.11/turn              (no ring)

@: liquid flames, berserk cooldown, slowed, glowing, very slow
A: retaliatory headbutt, horns 2, [berserk 2], [weak 2]
a: Berserk, Trog's Hand, Brothers in Arms, Renounce Religion


You were on level 1 of the Abyss.
You worshipped Trog.
Trog was extremely pleased with you.
You were not hungry.

You visited 1 branch of the dungeon, and saw 9 of its levels.
You visited the Abyss 1 time.
You also visited: Ossuary.

You collected 539 gold pieces.

Inventory:

Hand Weapons
 a - a +3 scythe of flaming (weapon)
 b - a +0 shortbow
 w - a +0 hand axe
 F - a +0 hunting sling
 R - a +0 blowgun
Missiles
 d - 202 stones (quivered)
 g - 2 javelins of returning
 k - 39 poisoned needles
 l - 102 arrows
 r - 12 steel javelins
 O - 22 bolts
Armour
 m - a +2 pair of gloves
 t - a +1 plate armour (worn)
 z - the +0 pair of gloves "Qetocebrohe" (worn) {rN++}
   (You found it on level 4 of the Dungeon)

   It greatly protects you from negative energy.
Jewellery
 A - a +4 ring of intelligence (left hand)
 Q - a +3 ring of evasion {unknown}
Wands
 f - a wand of polymorph (10)
 y - a wand of clouds (7)
Scrolls
 i - a scroll of teleportation
 j - a scroll of fear {unknown}
 q - 3 scrolls of enchant armour
 s - 5 scrolls of enchant weapon
 u - a scroll of silence {unknown}
 D - 6 scrolls of remove curse {@r2}
 E - 2 scrolls of immolation
 I - 3 scrolls of magic mapping
 K - a scroll of random uselessness {unknown}
 M - a scroll of noise {unknown}
 N - 3 scrolls of blinking {unknown}
 P - 2 scrolls of fog {unknown}
Potions
 e - a potion of berserk rage {unknown}
 h - 7 potions of curing {@q1}
 n - 2 potions of agility
 o - a potion of cancellation {unknown}
 p - 3 potions of flight
 v - a potion of magic {unknown}
 x - 2 potions of might {unknown}
 B - a potion of ambrosia {unknown}
 C - 2 potions of lignification {unknown}
 G - a potion of invisibility {unknown}
 H - 3 potions of haste
 J - a potion of experience {unknown}
 L - a potion of mutation {unknown}
Comestibles
 c - 11 rations


   Skills:
 + Level 10.4 Fighting
 - Level 5.2(7.7) Axes
 + Level 8.9(9.5) Polearms
 + Level 10.0 Armour
 + Level 9.2 Dodging


You had 9 spell levels left.
You didn't know any spells.

Dungeon Overview and Level Annotations

Branches:
Dungeon (9/15)             Temple (0/1) D:6            Lair (0/6) D:8
    Orc: D:9-12

Altars:
Dithmenos
Elyvilon
Makhleb
Nemelex Xobeh
Ru
Trog
Wu Jian

Shops:
D:4 **?

Annotations:
D:9 Psyche


Innate Abilities, Weirdness & Mutations

You reflexively headbutt those who attack you in melee.
You have a pair of horns on your head.
[You often lose your temper in combat.]
[You are very weak. (Str -4)]


Message History

The smoke demon hits you but does no damage.
The smoke demon barely misses you.
The smoke demon hits you but does no damage.
The small abomination barely misses you.
You are too berserk!
You are covered in liquid flames!
* * * LOW HITPOINT WARNING * * *
The wretched star pulses with an eldritch light!
You feel a little pissed off.
You feel angry.
You feel a strong urge to attack something.
You are covered in liquid flames!
* * * LOW HITPOINT WARNING * * *
You are covered in liquid flames!
* * * LOW HITPOINT WARNING * * *
You are no longer berserk.
You are exhausted.
You feel yourself slow down.
The wretched star glows turbulently.
The orb of energy hits you!
You die...

#. ....#...#
..#ยง...#...#
..##.....# .##
#...##....
#.### . #.
.... .#...
#.#.##......#
#. .#..#.#....
#..? #..##.# .
. ..###@..#.
..
#..##.##.#.#..
#.......# .. #
....#.#x#.#
#.#
.......3.*# #
##..).#..#...
..#.#...!...#.
. . . ..#..##
. .#)..#..#.


You could see a wretched star.

Vanquished Creatures
  A large abomination (Abyss:1)
  A deep elf mage (D:8)
  Grinder (D:4)
  A hippogriff (D:7)
  Sigmund (D:3)
  A hungry ghost (D:9)
  A water moccasin (D:9)
  A sky beast (D:6)
  7 orc warriors
  3 ice beasts
  An ogre (D:7)
  3 black bears
  2 phantoms
  A centaur (D:8)
  2 big kobolds
  Blork the orc (D:5)
  4 bullfrogs
  8 scorpions
  6 killer bees (D:7)
  5 wights
  A howler monkey (D:6)
  2 crimson imps
  A quasit (Abyss:1)
  A bullfrog zombie (D:9)
  3 human zombies (Ossuary)
  A jelly (D:6)
  5 hounds
  2 orc priests
  4 bullfrog skeletons
  11 orc wizards
  Crazy Yiuf (D:4)
  Jessica (D:2)
  2 iguanas
  Ijyb (D:5)
  Natasha (thrice) (D:2)
  11 worker ants
  A big kobold zombie (Ossuary)
  A hound zombie (D:6)
  2 hound skeletons
  3 mummies (Ossuary)
  4 gnolls (D:5)
  3 adders
  5 scorpion zombies (Ossuary)
  2 oozes
  3 adder zombies
  2 worms (D:3)
  2 dart slugs (D:4)
  4 leopard geckos (D:1)
  25 orcs
  4 giant cockroaches
  2 gnoll zombies (Ossuary)
  13 goblins
  6 hobgoblins
  16 jackals
  17 kobolds
  3 quokkas
  2 ball pythons (D:6)
  11 bats
  3 frilled lizards
  2 goblin zombies (Ossuary)
  2 hobgoblin zombies (Ossuary)
  2 kobold zombies (Ossuary)
  A leopard gecko skeleton (D:4)
  A quokka skeleton (D:5)
  9 rats
252 creatures vanquished.

Notes
Turn   | Place    | Note
-------+----------+-------------------------------------------
     0 | D:1      | b5mith the Minotaur Berserker began the quest for the Orb.
     0 | D:1      | Reached XP level 1. HP: 19/19 MP: 0/0
   145 | D:1      | Reached XP level 2. HP: 20/27 MP: 1/1
   584 | D:1      | Reached ** piety under Trog
   588 | D:1      | Reached XP level 3. HP: 12/33 MP: 2/2
   983 | D:2      | Noticed Jessica
   984 | D:2      | Found an ornate altar of the Wu Jian Council.
   993 | D:2      | Killed Jessica
  1083 | D:2      | Found a shadowy altar of Dithmenos.
  1243 | D:2      | Noticed Natasha
  1248 | D:2      | Killed Natasha
  1248 | D:2      | Reached XP level 4. HP: 35/41 MP: 3/3
  1402 | D:2      | Noticed Natasha
  1410 | D:2      | Killed Natasha
  1590 | D:2      | Found a burning altar of Makhleb.
  1830 | D:2      | Noticed Natasha
  1845 | D:2      | Killed Natasha
  1845 | D:2      | Reached XP level 5. HP: 13/47 MP: 4/4
  2272 | D:3      | Noticed Sigmund
  2295 | D:3      | Killed Sigmund
  2295 | D:3      | Reached skill level 5 in Fighting
  2295 | D:3      | Reached skill level 5 in Axes
  2295 | D:3      | Reached XP level 6. HP: 17/56 MP: 5/5
  2719 | D:3      | Reached *** piety under Trog
  2719 | D:3      | Reached skill level 1 in Polearms
  3107 | D:4      | Got a pair of pitted gloves
  3113 | D:4      | Identified the cursed +0 pair of gloves "Qetocebrohe" {rN++} (You found it on level 4 of the Dungeon)
  3117 | D:4      | Reached skill level 5 in Armour
  3133 | D:4      | Reached XP level 7. HP: 60/62 MP: 6/6
  3494 | D:4      | Found Pastup Waoc's Assorted Antiques.
  3639 | D:4      | Noticed Grinder
  3645 | D:4      | Killed Grinder
  3645 | D:4      | Reached skill level 5 in Dodging
  3739 | D:4      | Found a runed door.
  3803 | D:4      | Found Qulovouw's Magic Scroll Shoppe.
  3843 | D:4      | Found Alocretac's General Store.
  4077 | D:4      | Noticed Crazy Yiuf
  4080 | D:4      | Killed Crazy Yiuf
  4122 | D:5      | Entered Level 5 of the Dungeon
  4272 | D:5      | Noticed Blork the orc
  4272 | D:5      | Reached XP level 8. HP: 71/71 MP: 7/7
  4283 | D:5      | Killed Blork the orc
  4293 | D:5      | Reached **** piety under Trog
  4559 | D:5      | Noticed Ijyb
  4563 | D:5      | Killed Ijyb
  5140 | D:6      | Reached skill level 5 in Polearms
  5341 | D:6      | Reached XP level 9. HP: 64/81 MP: 8/8
  6100 | D:6      | Found a staircase to the Ecumenical Temple.
  6325 | D:7      | Found a sacrificial altar of Ru.
  6338 | D:7      | Reached ***** piety under Trog
  6383 | D:7      | Found a sparkling altar of Nemelex Xobeh.
  7242 | D:7      | Found a white marble altar of Elyvilon.
  7722 | D:8      | Reached XP level 10. HP: 86/91 MP: 9/9
  7767 | D:8      | Found a sand-covered staircase.
  7776 | Ossuary  | Entered an ossuary
  8346 | D:8      | Found a bloodstained altar of Trog.
  8362 | D:8      | Found a staircase to the Lair.
  8442 | D:8      | Received a gift from Trog
  8692 | D:8      | Noticed a deep elf mage
  8707 | D:8      | Killed a deep elf mage
  8707 | D:8      | Reached skill level 10 in Fighting
  9218 | D:9      | Noticed a two-headed ogre
  9220 | D:9      | Noticed Psyche
  9228 | D:9      | Cast into level 1 of the Abyss (Psyche)
  9300 | Abyss:1  | Noticed a large abomination
  9311 | Abyss:1  | Killed a large abomination
  9311 | Abyss:1  | Received a gift from Trog
  9311 | Abyss:1  | Reached skill level 10 in Armour
  9332 | Abyss:1  | Noticed a tentacled starspawn
  9371 | Abyss:1  | Noticed a smoke demon
  9373 | Abyss:1  | Noticed a wretched star
  9381 | Abyss:1  | Killed from afar by a wretched star

Vault maps used:
D:1:      dpeg_arrival_subterranean_lakeside_camping
D:2:      lemuel_doored_altar, grunt_dithmenos_smoke_and_mirrors,
          nicolae_overflow_crystal_walls, uniq_jessica, uniq_natasha
D:3:      uniq_sigmund
D:4:      serial_shops, shop_fountains, shop, shop, minmay_cupped,
          uniq_crazy_yiuf_cottage, uniq_grinder
D:5:      first_ration, sword_in_stone, uniq_ijyb
D:6:      minmay_temple_entry_glassed_door
D:7:      lemuel_coloured_pillars_altar, old_standard_altar, basic_altar
D:8:      minmay_cornered_nines, trog_ov_bears_minmay, lair_entry_dummy,
          chequers_ossuary_entry_cave
D:9:      gammafunk_temple_overflow_forgotten, basic_altar, uniq_psyche
Abyss:1:  serial_sigils_hangedman_snap
Ossuary:  ossuary_minmay_scorpions

Skill      XL: |  1  2  3  4  5  6  7  8  9 10 |
---------------+-------------------------------+-----
Fighting       | 4 5 6 8 9 10 | 10.4
Axes           | 4 5 |  5.2
Armour         | 3 4 5 6 7 9 10 | 10.0
Dodging        | 3 4 5 6 8 9 |  9.2
Polearms       | 1 3 5 7 8 |  8.9

Action                   |  1- 3 |  4- 6 |  7- 9 | 10-12 || total
-------------------------+-------+-------+-------+-------++-------
Melee: Hand axe          |    72 |    35 |       |       ||   107
       Headbutt          |     6 |    11 |    42 |    35 ||    94
       Unarmed           |       |    11 |       |       ||    11
       Scythe            |       |    34 |   240 |   130 ||   404
 Fire: Hunting sling     |       |    42 |   114 |     7 ||   163
       Shortbow          |       |       |       |    15 ||    15
Throw: Stone             |       |       |     5 |     2 ||     7
Invok: Berserk           |       |     1 |     1 |     2 ||     4
  Use: Scroll            |       |     3 |     6 |     3 ||    12
  Eat: Chunk             |     1 |     4 |    11 |     5 ||    21
       Ration            |       |     1 |     1 |     2 ||     4
Armor: Animal skin       |    23 |     4 |       |       ||    27
       Plate armour      |       |    35 |    87 |   108 ||   230
       Scale mail        |       |       |    75 |       ||    75
       Skin              |       |       |       |     2 ||     2
Dodge: Dodged            |    47 |    40 |   224 |    81 ||   392

Table legend:
 A = Spawn XP
 B = Non-spawn XP
 C = Spawn XP percentage of total XP
 D = Spawn monster count
 E = Non-spawn monster count
 F = Spawn count percentage of total count
 G = Total turns spent on level
                    A         B        C        D         E        F      G
               +---------+---------+-------+---------+---------+-------+---------
         Total |     888 |    8264 |   9.7 |       2 |     250 |   0.8 |  9381
               +---------+---------+-------+---------+---------+-------+---------
           D:1 |       0 |      54 |   0.0 |       0 |      33 |   0.0 |   983
           D:2 |       0 |     166 |   0.0 |       0 |      17 |   0.0 |  1236
           D:3 |       0 |     346 |   0.0 |       0 |      19 |   0.0 |   773
           D:4 |       0 |     714 |   0.0 |       0 |      30 |   0.0 |  1130
           D:5 |       0 |     854 |   0.0 |       0 |      21 |   0.0 |  1011
           D:6 |       0 |    1201 |   0.0 |       0 |      31 |   0.0 |  1075
           D:7 |       0 |    1765 |   0.0 |       0 |      36 |   0.0 |  1246
           D:8 |       0 |    1797 |   0.0 |       0 |      26 |   0.0 |  1102
           D:9 |       0 |     596 |   0.0 |       0 |      10 |   0.0 |   144
       Abyss:1 |     888 |       0 | 100.0 |       2 |       0 | 100.0 |   153
       Ossuary |       0 |     771 |   0.0 |       0 |      27 |   0.0 |   528
               +---------+---------+-------+---------+---------+-------+---------
